 Dungeon Crawl Stone Soup version 0.29.1-13-g9f3cf754e1 (webtiles) character file.

Game seed: 15452606159364040114

135 croobank the Sneak (level 5, 0/37 HPs)
             Began as an Octopode Delver on Feb 7, 2023.
             Slain by an orc wizard
             ... wielding a +0 dagger
              (2 damage)
             ... on level 3 of the Dungeon.
             The game lasted 00:03:20 (1016 turns).

croobank the Sneak (Octopode Delver)                Turns: 1016, Time: 00:03:20

Health: 0/37       AC:  1    Str: 10 (12) XL:     5   Next: 18%
Magic:  5/5        EV: 17    Int: 13 (14) God:
Gold:   94         SH:  0    Dex: 11 (13) Spells: 4/4 levels left

rFire   . . .      SeeInvis .   a - +0 hand axe
rCold   . . .      Faith    .   (no shield)
rNeg    . . .      Spirit   .   (helmet restricted)
rPois   .          Reflect  .   (no amulet)
rElec   .          Harm     .   e - +4 ring of evasion
rCorr   .          Rampage  .   (no ring)
Will    .....                   (no ring)
Stlth   ++++......              (no ring)
HPRegen 0.12/turn               (no ring)
MPRegen 0.09/turn               (no ring)
                                (no ring)
                                (no ring)

@: invisible
A: almost no armour, amphibious, 8 rings, camouflage 1, gelatinous body 1,
(nimble swimmer 1), tentacles
a: no special abilities


You were on level 3 of the Dungeon.
You visited 2 branches of the dungeon, and saw 6 of its levels.

You collected 94 gold pieces.

Inventory:

Hand Weapons
 a - a +0 hand axe (weapon)
Jewellery
 e - a +4 ring of evasion (left tentacle)
Wands
 f - a wand of digging (3)
Scrolls
 b - a scroll of fog


   Skills:
 + Level 3.8 Fighting
 + Level 3.1 Axes
 + Level 3.0 Dodging
 + Level 7.4 Stealth


You had 4 spell levels left.
You didn't know any spells.
Your spell library was empty.

Dungeon Overview and Level Annotations

Branches:
Dungeon (7/15)             Temple (1/1) D:5

Altars:
Ashenzari
Cheibriados
Dithmenos
Elyvilon
Fedhas
Gozag
Hepliaklqana
Kikubaaqudgha
Makhleb
Nemelex Xobeh
Okawaru
Qazlal
Ru
Sif Muna
Trog
Vehumet
Wu Jian
Xom
The Shining One

Annotations:
D:5 Pikel


Innate Abilities, Weirdness & Mutations

You cannot wear most types of armour.
You are amphibious.
You can wear up to eight rings at the same time.
Your skin changes colour to match your surroundings (Stealth+).
Your rubbery body absorbs attacks. (AC +1, EV +1)
((You are camouflaged when in or above water. (Stealth+)))
You have tentacles for arms and can constrict up to eight enemies at once.


Message History

You barely miss something. Something hits you.
You closely miss something. Something hits you.
You hit the orc. Your grab misses the orc. Your squeeze misses the orc.
The orc is severely wounded.
The orc barely misses you.
You hit the orc but do no damage. You grab the orc.
The orc is severely wounded.
You constrict the orc.
You kill the orc!
You barely miss the hobgoblin. You grab the hobgoblin.
You constrict the hobgoblin. The hobgoblin closely misses you.
You hit the hobgoblin.
You kill the hobgoblin!
You miss something. Your squeeze misses something. Something hits you.
You hit something. You squeeze something. Something hits you.
You hit something but do no damage. Your squeeze misses something.
Something hits you. x2
You closely miss something. Something hits you.
You barely miss something.
You hear some strange, mumbled words.
You are confused.
You bump into the rock wall.
Something hits you.
You miss something. Something hits you but does no damage.
You completely miss something. Something closely misses you.
You bump into the rock wall.
Something hits you.
You barely miss something. Something hits you.
* * * LOW HITPOINT WARNING * * *
It was a potion of invisibility.
You fade into invisibility!
You feel less confused. Something hits you.
* * * LOW HITPOINT WARNING * * *
It was a potion of degeneration.
There was something very wrong with that liquid.
You feel weakened.
You feel dopey.
You feel clumsy. Something hits you.
* * * LOW HITPOINT WARNING * * *
You barely miss something.
You hear a shout!
Something hits you.
You die...

....# #...†..........#
...####..............#
##...##..............#
###.##..............#
#...#............##
###.##..........##
#.#########.### #..
#.# ###. #@# #. #)# #.
#...# #. #...# #.
#...# ....# ##...#
#.... #....


There were no monsters in sight!

Vanquished Creatures
  A black bear (D:5)
  2 adders (D:3)
  A shadow imp (D:5)
  A white imp (D:7)
  2 orcs (D:3)
  A giant cockroach (D:3)
  A hobgoblin (D:3)
  2 ball pythons (D:3)
  2 rats (D:3)
13 creatures vanquished.

Notes
Turn   | Place    | Note
-------+----------+-------------------------------------------
     0 | D:5      | croobank the Octopode Delver began the quest for the Orb.
     0 | D:5      | Reached XP level 1. HP: 16/16 MP: 1/1
     3 | D:5      | Noticed Pikel
     3 | D:5      | Noticed a lemure
     3 | D:5      | Noticed a lemure
     4 | D:5      | Noticed a lemure
    22 | D:6      | Noticed a jelly
    86 | D:7      | Reached XP level 2. HP: 17/21 MP: 2/2
   150 | D:5      | Noticed an ogre
   183 | D:5      | Found a staircase to the Ecumenical Temple.
   259 | Temple   | Entered the Ecumenical Temple
   546 | D:5      | Noticed a black bear
   553 | D:5      | HP: 1/21 [black bear (3)]
   555 | D:5      | Killed a black bear
   556 | D:5      | Reached skill level 7 in Stealth
   556 | D:5      | Reached XP level 3. HP: 4/27 MP: 3/3
   556 | D:5      | Reached XP level 4. HP: 5/33 MP: 4/4
   839 | D:4      | Noticed a scorpion
   864 | D:3      | Noticed a scorpion
   875 | D:3      | Reached XP level 5. HP: 37/37 MP: 5/5
  1016 | D:3      | Slain by an orc wizard

Illustrated notes

Levels and vault maps discovered:
D:3:      layout_rooms, serial_corexii_hall, chequers_hall_statues_corner_a,
          corexii_hall_statues_s, hangedman_feature_mirror
D:4:      layout_rooms, gammafunk_ghost_stat_death
D:5:      layout_basic, minmay_temple_entry_statues_fountains,
          chequers_serial_rivers_small_b, uniq_menkaure, uniq_pikel
D:6:      layout_loops_ring, nicolae_fountain_basement
D:7:      layout_loops_corners, serial_shops, nicolae_inconvenience_store
Temple:   nicolae_temple_bog_church

Skill      XL: |  1  2  3  4 |
---------------+-------------+-----
Stealth        | 7 |  7.4
Axes           | 3 |  3.1
Dodging        | 3 |  3.0
Fighting       | |  3.8

Action                   |  1- 3 |  4- 6 || total
-------------------------+-------+-------++-------
Melee: Hand axe          |    14 |    31 ||    45
       Constrict         |     3 |     8 ||    11
       Tentacles         |     4 |     5 ||     9
       Punch             |     1 |       ||     1
  Use: Scroll            |     3 |       ||     3
       Potion            |     3 |     2 ||     5
 Stab: Sleeping          |     1 |     2 ||     3
Armor: Skin              |     1 |     1 ||     2
Dodge: Dodged            |    17 |    18 ||    35
